 Dungeon Crawl Stone Soup version 0.19.0 (webtiles) character file.

1318 Jorund the Digger (level 8, -2/46 HPs)
             Began as an Octopode Earth Elementalist on Oct 31, 2016.
             Was a Follower of the Shining One.
             Slain by an orc wizard
             ... wielding a +0 dagger
              (5 damage)
             ... on level 5 of the Dungeon on Nov 1, 2016.
             The game lasted 00:16:13 (6523 turns).

Jorund the Digger (Octopode Earth Elementalist)     Turns: 6523, Time: 00:16:14

Health: -2/46      AC:  1    Str: 13    XL:     8   Next: 59%
Magic:  1/17       EV: 13    Int: 19    God:    the Shining One [*.....]
Gold:   192        SH:  0    Dex: 12    Spells: 3 memorised, 13 levels left

rFire  . . .     SeeInvis .     y - +1 hand axe (flame)
rCold  . . .     Gourm    .     (no shield)
rNeg   . . .     Faith    .     (helmet restricted)
rPois  .         Spirit   .     (no amulet)
rElec  .         Reflect  .     (no ring)
rCorr  .         Harm     .     (no ring)
MR     .....                    (no ring)
Stlth  ++........               (no ring)
                                (no ring)
                                (no ring)
                                (no ring)
                                (no ring)

@: mighty, glowing
A: almost no armour, stealthy swim, amphibious, 8 rings, constrict 8, camouflage
1, gelatinous body 1
a: Renounce Religion


You were on level 5 of the Dungeon.
You worshipped the Shining One.
The Shining One was aware of your devotion.
You were very hungry.

You visited 1 branch of the dungeon, and saw 5 of its levels.
You also visited: Sewer.

You collected 192 gold pieces.

Inventory:

Hand Weapons
 y - a +1 hand axe of flaming (weapon)
Missiles
 b - 16 stones (quivered)
 j - 7 javelins
Wands
 s - a wand of polymorph (1/24)
Scrolls
 f - a scroll of teleportation
 i - 3 scrolls of amnesia
 t - a scroll of magic mapping
 u - a scroll of remove curse
Potions
 a - a potion of resistance
 e - a potion of heal wounds
 m - a potion of agility
 n - a potion of curing {unknown}
 o - a potion of magic {unknown}
 p - a potion of haste {unknown}
 q - a potion of mutation {unknown}
 x - 3 potions of degeneration {unknown}
Books
 d - a book of Geomancy

   Spells                             Type                      Level
   a - Sandblast                      Earth                        1
   b - Passwall                       Transmutation/Earth          2
   c - Stone Arrow                    Conjuration/Earth            3
   d - Petrify                        Transmutation/Earth          4
   e - Lee's Rapid Deconstruction     Earth                        5
 v - a book of the Dragon

   Spells                             Type                      Level
   a - Flame Tongue                   Conjuration/Fire             1
   b - Cause Fear                     Hexes                        4
   c - Bolt of Fire                   Conjuration/Fire             6
   d - Dragon Form                    Transmutation                7
   e - Dragon's Call                  Summoning                    9
Comestibles
 c - 5 bread rations
 g - 3 fruits
 w - a royal jelly


   Skills:
   Level 2.5 Short Blades
 + Level 1.4 Axes
 - Level 2.0 Dodging
 - Level 2.6 Stealth
 + Level 6.0 Spellcasting
 + Level 0.6 Conjurations
 + Level 1.0 Transmutations
 + Level 7.8 Earth Magic


You had 13 spell levels left.
You knew the following spells:

 Your Spells              Type           Power        Failure   Level  Hunger
a - Sandblast             Erth           #####.       1%          1    None
b - Stone Arrow           Conj/Erth      ###...       8%          3    ##.....
c - Passwall              Tmut/Erth      ###.......   3%          2    None


Dungeon Overview and Level Annotations

Branches:
Dungeon (5/15)
 Temple: D:4-7

Altars:
Elyvilon
Gozag
Kikubaaqudgha
Ru
Sif Muna
Vehumet
Yredelemnul
Zin
The Shining One

Annotations:
D:5 androgeny's ghost, novice FoFi


Innate Abilities, Weirdness & Mutations

You cannot wear most types of armour.
You are very stealthy in the water. (Stealth+)
You are amphibious.
You can wear up to eight rings at the same time.
You can use your tentacles to constrict eight enemies at once.
Your skin changes colour to match your surroundings (Stealth+).
Your rubbery body absorbs attacks. (AC +1, EV +1)


Message History

The adder skeleton bites you.
* * * LOW HITPOINT WARNING * * *
The orc wizard closely misses you. The adder skeleton bites you.
* * * LOW HITPOINT WARNING * * *
You are too injured to fight recklessly!
Unknown command.
You hit the bullfrog skeleton. You burn the bullfrog skeleton.
You grab the bullfrog skeleton.
The bullfrog skeleton is moderately damaged.
You barely miss the orc wizard. You slash the adder skeleton!
You burn the adder skeleton.
You destroy the adder skeleton!
The Shining One accepts your kill.
You feel better.
You constrict the bullfrog skeleton. The bullfrog skeleton hits you.
* * * LOW HITPOINT WARNING * * *
The orc wizard barely misses you. The bullfrog skeleton hits you.
* * * LOW HITPOINT WARNING * * *
The orc wizard hits you with a dagger.
You die...

#. #...'......## #
#.########..##......'. .
#.#.......###'##......#.
..#.#...... #...#.<.....#.
..≈o≈...#'####..##..##'###
..≈≈≈...#...##..##..##..##
{##..............##>.##......##
...........)oZ...............#
o..S.......##@((##.>######..#.
o...##o### ######..# ####.
#oZ.## ... #....+ #. #.Zc##....
##..## #. ...##......... ####
#. ......<.# ## ........# #
........# ........#


You could see an orc wizard, an orc and a bullfrog skeleton.

Vanquished Creatures
  The ghost of Zeloya the Chiller, an amateur KoIE of Ashenzari (D:4)
  A sky beast (D:5)
  A phantom (D:5)
  2 centaurs
  The ghost of Banto the Slasher, an amateur HESk (D:3)
  A bullfrog (D:3)
  A scorpion (D:4)
  A centaur zombie (D:5)
  A crimson imp (D:4)
  A jelly (D:5)
  Ijyb (D:3)
  2 iguanas (D:5)
  5 orc wizards
  4 worker ants (D:4)
  Robin (D:4)
  6 adders
  3 river rats (Sewer)
  3 adder skeletons
  3 worms
  A dart slug (D:1)
  15 orcs
  8 giant cockroaches
  2 gnoll zombies (D:2)
  9 hobgoblins
  5 jackals
  6 kobolds
  A quokka (D:3)
  7 ball pythons
  9 bats
  12 frilled lizards
  A giant cockroach zombie (D:5)
  11 goblins
  A quokka zombie (D:5)
  28 rats
155 creatures vanquished.

Vanquished Creatures (others)
  A bush (D:5)
1 creature vanquished.

Grand Total: 156 creatures vanquished

Notes
Turn   | Place    | Note
-------+----------+-------------------------------------------
     0 | D:1      | Jorund the Octopode Earth Elementalist began the quest for the Orb.
     0 | D:1      | Reached XP level 1. HP: 11/11 MP: 3/3
   152 | D:1      | Reached XP level 2. HP: 17/17 MP: 0/5
   932 | D:1      | Reached XP level 3. HP: 19/21 MP: 6/6
  1051 | D:2      | Reached skill level 4 in Earth Magic
  1651 | D:2      | Reached XP level 4. HP: 27/27 MP: 7/7
  1687 | D:2      | Found a basalt altar of Yredelemnul.
  1815 | D:3      | Found a sacrificial altar of Ru.
  1909 | D:3      | Found a glowing drain.
  1950 | D:3      | Noticed Ijyb
  1958 | D:3      | Noticed Banto's ghost (amateur HESk)
  1980 | D:3      | Killed Ijyb
  1982 | Sewer    | Entered a sewer
  2136 | Sewer    | Learned a level 3 spell: Stone Arrow
  2139 | Sewer    | Learned a level 2 spell: Passwall
  2199 | Sewer    | Reached skill level 1 in Short Blades
  2250 | Sewer    | Reached XP level 5. HP: 18/31 MP: 2/9
  2757 | D:3      | Found a glowing golden altar of the Shining One.
  3106 | D:3      | Killed Banto's ghost
  3106 | D:3      | Reached skill level 5 in Earth Magic
  3106 | D:3      | Reached XP level 6. HP: 22/36 MP: 1/11
  4152 | D:4      | Noticed Zeloya's ghost (amateur KoIE)
  4166 | D:4      | Killed Zeloya's ghost
  4166 | D:4      | Reached XP level 7. HP: 27/41 MP: 7/13
  4378 | D:4      | Reached skill level 6 in Earth Magic
  4417 | D:4      | Reached skill level 5 in Spellcasting
  4432 | D:4      | Found an ancient bone altar of Kikubaaqudgha.
  4433 | D:4      | Found a white marble altar of Elyvilon.
  4695 | D:4      | Noticed Robin
  4752 | D:4      | Killed Robin
  4948 | D:4      | Found a faded altar of an unknown god.
  4948 | D:4      | Found a glowing silver altar of Zin.
  4953 | D:4      | Found a faded altar of an unknown god.
  4955 | D:4      | Found a faded altar of an unknown god.
  4956 | D:4      | Found a faded altar of an unknown god.
  5256 | D:4      | Found a deep blue altar of Sif Muna.
  5257 | D:4      | Found a radiant altar of Vehumet.
  5258 | D:4      | Found an opulent altar of Gozag.
  5347 | D:5      | Entered Level 5 of the Dungeon
  5348 | D:5      | Upgraded the game from 0.19-b1-5-gdc9fa9d to 0.19.0
  5692 | D:5      | Reached skill level 7 in Earth Magic
  5692 | D:5      | Reached XP level 8. HP: 39/46 MP: 16/16
  6120 | D:4      | Became a worshipper of the Shining One
  6120 | D:4      | Reached * piety under the Shining One
  6235 | D:5      | Noticed androgeny's ghost (novice FoFi)
  6516 | D:5      | Reached skill level 1 in Axes
  6523 | D:5      | Slain by an orc wizard

Skill      XL: |  1  2  3  4  5  6  7  8 |
---------------+-------------------------+-----
Earth Magic    | 4 5 7 |  7.8
Short Blades   | 1 2 |  2.5
Spellcasting   | 3 4 5 6 |  6.0
Axes           | 1 |  1.4
Dodging        | |  2.0
Stealth        | |  2.6
Conjurations   | |  0.6
Transmutations | |  1.0

Action                   |  1- 3 |  4- 6 |  7- 9 || total
-------------------------+-------+-------+-------++-------
Melee: Constrict         |    14 |    26 |    14 ||    54
       Tentacles         |     8 |    13 |    16 ||    37
       Dagger            |    48 |    98 |    35 ||   181
       Unarmed           |     1 |       |    13 ||    14
       Hand axe          |       |       |    18 ||    18
 Cast: Sandblast         |    29 |    51 |    54 ||   134
       Stone Arrow       |       |       |    17 ||    17
  Use: Scroll            |     4 |     7 |     4 ||    15
       Potion            |     1 |       |     3 ||     4
 Stab: Sleeping          |    10 |     9 |     2 ||    21
       Distracted        |       |       |     1 ||     1
  Eat: Chunk             |     2 |     8 |     7 ||    17
Armor: Skin              |     2 |     4 |     9 ||    15
Dodge: Dodged            |    30 |    76 |    87 ||   193
